 Dungeon Crawl Stone Soup version 0.25-a0-857-g60a0bcd8b5 (webtiles) character file.

Game seed: 3405313736530309053, levelgen mode: deterministic

551 Lavandula the Carver (level 7, -5/46 HPs)
             Began as an Octopode Chaos Knight on Apr 26, 2020.
             Was a Plaything of Xom.
             Slain by a river rat (9 damage)
             ... in a sewer.
             The game lasted 00:07:41 (1746 turns).

Lavandula the Carver (Octopode Chaos Knight)        Turns: 1746, Time: 00:07:41

Health: -5/46      AC:  1    Str: 13    XL:     7   Next: 29%
Magic:  7/7        EV: 13    Int: 14    God:    Xom [....*.]
Gold:   178        SH:  0    Dex: 12    Spells: 6/6 levels left

rFire    . . .     SeeInvis .   a - +0 falchion (chaos)
rCold    . . .     Gourm    .   (no shield)
rNeg     . . .     Faith    .   (helmet restricted)
rPois    .         Spirit   .   (no amulet)
rElec    .         Reflect  .   m - ring of flight (curse)
rCorr    .         Harm     .   (no ring)
MR       .....                  (no ring)
Stlth    ++........             (no ring)
HPRegen  0.15/turn              (no ring)
MPRegen  0.10/turn              (no ring)
                                (no ring)
                                (no ring)

@: about to teleport
A: almost no armour, stealthy swim, amphibious, 8 rings, constrict 8, camouflage
1, gelatinous body 1
a: Renounce Religion, Evoke Flight


You were in a sewer.
You worshipped Xom.
You were a beloved toy of Xom.
You were not hungry.

You visited 1 branch of the dungeon, and saw 4 of its levels.
You also visited: Sewer.

You collected 178 gold pieces.

Inventory:

Hand Weapons
 a - a +0 falchion of chaos (weapon)
 g - a +0 short sword of venom
Missiles
 o - 5 boomerangs (quivered)
 u - 24 sling bullets
Jewellery
 m - a cursed ring of flight (left tentacle)
Wands
 i - a wand of disintegration (15)
Scrolls
 c - a scroll of enchant armour
 e - a scroll of fog
 k - a scroll of amnesia {unknown}
 n - a scroll of teleportation
 p - a scroll of immolation {unknown}
 q - a scroll of noise {unknown}
Potions
 d - 2 potions of might {unknown}
 f - a potion of brilliance {unknown}
 h - 4 potions of curing
 j - a potion of flight {unknown}
 l - a potion of haste {unknown}
 r - a potion of magic {unknown}
 s - 3 potions of heal wounds
 t - 3 potions of stabbing {unknown}
Comestibles
 b - 6 rations


   Skills:
 - Level 3.0 Fighting
 + Level 8.2 Long Blades
 - Level 2.3 Dodging


You had 6 spell levels left.
You didn't know any spells.
Your spell library was empty.

Dungeon Overview and Level Annotations

Branches:
Dungeon (4/15)              Sewer (1/1)
 Temple: D:4-7

Altars:
Dithmenos
Uskayaw


Innate Abilities, Weirdness & Mutations

You cannot wear most types of armour.
You are very stealthy in the water. (Stealth+)
You are amphibious.
You can wear up to eight rings at the same time.
You can use your tentacles to constrict eight enemies at once.
Your skin changes colour to match your surroundings (Stealth+).
Your rubbery body absorbs attacks. (AC +1, EV +1)


Message History

Something bites you!
You emit a cloud of colourful smoke!
Unknown command.
You miss something.
Unknown command.
You hit the river rat. You burn the river rat. Your grab misses the river rat.
Your squeeze misses the river rat.
The river rat is moderately wounded.
Something bites you!
* * * LOW HITPOINT WARNING * * *
The river rat closely misses you.
Unknown command.
You barely miss something. Something bites you!
* * * LOW HITPOINT WARNING * * *
The river rat bites you but does no damage.
Unknown command.
As you read the scroll labeled QOTHUE FUYSM, it crumbles to dust.
You feel strangely unstable.
It was a scroll of teleportation.
Something bites you!
You die...

#.....≈≈≈≈≈≈≈≈≈...#
#.....#≈≈≈≈≈≈≈....#
#....##≈≈≈≈≈≈≈....##
#....#≈≈≈≈≈≈≈≈≈....#
##(....≈≈≈≈≈≈≈≈.....#
#....≈.≈≈≈≈≈≈≈≈≈r..##
#...†≈≈≈≈≈≈≈≈≈≈)l..#
###†###≈#≈#≈####r###
#..÷(.##≈#≈#≈#.@{..#
#...))#≈#≈#≈##§§§..#
##...###≈#≈#≈##...##
#.....#≈#≈#≈##.....#
#..#..##≈#≈#≈#..#..#
########≈≈≈≈≈≈###############
≈≈≈≈≈≈≈≈≈≈≈≈≈≈≈≈≈≈≈≈≈≈≈≈≈≈≈≈#
≈≈≈≈≈≈≈≈≈≈≈≈≈≈≈≈≈≈≈≈≈≈≈≈≈≈≈≈#
#############################


You could see a river rat, a frilled lizard and a rat.

Vanquished Creatures
  Eustachio (D:4)
  A big kobold (Sewer)
  2 orc priests
  An orc wizard (D:4)
  An iguana (D:4)
  A worker ant (D:4)
  4 gnolls (D:4)
  A howler monkey skeleton (D:4)
  3 adders
  2 river rats (Sewer)
  A worm (D:4)
  3 dart slugs
  7 orcs
  6 ball pythons
  11 bats
  A giant cockroach (D:1)
  12 goblins
  4 hobgoblins
  3 jackals (D:1)
  16 kobolds
  A quokka (D:3)
  4 frilled lizards
  13 rats
99 creatures vanquished.

Notes
Turn   | Place    | Note
-------+----------+-------------------------------------------
     0 | D:1      | Lavandula the Octopode Chaos Knight began the quest for the
                  | Orb.
     0 | D:1      | Reached XP level 1. HP: 16/16 MP: 1/1
    76 | D:1      | Reached XP level 2. HP: 20/21 MP: 2/2
   123 | D:1      | XOM: smoke on damage
   266 | D:1      | Reached skill level 4 in Long Blades
   306 | D:1      | Reached XP level 3. HP: 26/26 MP: 3/3
   370 | D:1      | XOM: divination: detect creatures
   407 | D:1      | XOM: silly message
   521 | D:2      | XOM: divination: detect items
   557 | D:2      | XOM: silly message
   607 | D:2      | Found a shadowy altar of Dithmenos.
   639 | D:2      | Found a hide-covered altar of Uskayaw.
   692 | D:3      | XOM: silly message
   806 | D:3      | Reached XP level 4. HP: 30/31 MP: 4/4
   842 | D:3      | XOM: divination: detect items
   925 | D:3      | XOM: silly message
  1001 | D:3      | HP: 1/31 [orc priest/divine providence (9)]
  1003 | D:4      | XOM: butterfly on damage
  1007 | D:4      | Reached skill level 5 in Long Blades
  1051 | D:4      | Noticed Eustachio
  1058 | D:4      | XOM: potion effect (curing)
  1068 | D:4      | Killed Eustachio
  1068 | D:4      | Reached skill level 6 in Long Blades
  1068 | D:4      | Reached XP level 5. HP: 34/36 MP: 5/5
  1068 | D:4      | Reached XP level 6. HP: 39/42 MP: 6/6
  1108 | D:4      | Reached skill level 7 in Long Blades
  1118 | D:4      | XOM: enchant monster (good)
  1127 | D:4      | XOM: noise
  1157 | D:4      | XOM: enchant monster (good)
  1274 | D:3      | XOM: noise
  1330 | D:4      | Found a glowing drain.
  1355 | Sewer    | Entered a sewer
  1374 | Sewer    | XOM: enchant monster (good)
  1382 | Sewer    | Reached XP level 7. HP: 22/46 MP: 7/7
  1585 | Sewer    | XOM: 6-stop teleportation journey
  1688 | Sewer    | Reached skill level 8 in Long Blades
  1742 | Sewer    | XOM: smoke on damage
  1746 | Sewer    | Slain by a river rat

Levels and vault maps discovered:
D:1:      dpeg_arrival_radiant, layout_loops_ring, serial_bayou_pond_c
D:2:      layout_loops_ring, old_standard_altar, old_standard_altar,
          nicolae_dithmenos_through_a_glass_darkly, uniq_terence, uniq_sigmund
D:3:      layout_loops_corners, overflow_temple_1_default, lemuel_crystal_altar,
          minmay_pentomino_pile
D:4:      layout_basic, cheibrodos_sewer_entry_bend, first_ration,
          guppyfry_shop_venom, uniq_robin, uniq_eustachio
Sewer:    sewer_minmay_treatment

Skill      XL: |  1  2  3  4  5  6  7 |
---------------+----------------------+-----
Long Blades    | 4 6 7 8 |  8.2
Fighting       | |  3.0
Dodging        | |  2.3

Action                   |  1- 3 |  4- 6 |  7- 9 || total
-------------------------+-------+-------+-------++-------
Melee: Falchion          |    67 |    64 |    43 ||   174
       Tentacles         |     9 |    16 |     6 ||    31
       Constrict         |    18 |    19 |     9 ||    46
Throw: Boomerang         |       |     8 |       ||     8
Evoke: Wand              |       |     2 |       ||     2
  Use: Potion            |       |     3 |     1 ||     4
       Scroll            |       |     4 |     1 ||     5
 Stab: Sleeping          |     8 |     1 |     1 ||    10
  Eat: Chunk             |       |     2 |     1 ||     3
Armor: Skin              |     4 |     2 |     1 ||     7
Dodge: Dodged            |    45 |    20 |    43 ||   108
       Rpst.: Falchion   |    15 |     2 |    10 ||    27

Table legend:
 A = Non-vault XP
 B = Vault XP
 C = Vault XP percentage of total XP
 D = Non-vault monster count
 E = Vault monster count
 F = Vault count percentage of total count
                 A         B        C        D         E       F
            +---------+---------+-------+---------+---------+-------
      Total |     371 |     417 |  52.9 |      60 |      39 |  39.4
            +---------+---------+-------+---------+---------+-------
        D:1 |      41 |       0 |   0.0 |      22 |       0 |   0.0
        D:2 |      18 |       0 |   0.0 |      11 |       0 |   0.0
        D:3 |      68 |       9 |  11.7 |      14 |       5 |  26.3
        D:4 |     244 |     220 |  47.4 |      13 |       8 |  38.1
      Sewer |       0 |     188 | 100.0 |       0 |      26 | 100.0
            +---------+---------+-------+---------+---------+-------
